 Dungeon Crawl Stone Soup version 0.22-a0-44-geb883ae (webtiles) character file.

41 KristoblXynda the Slasher (level 3, -3/29 HPs)
             Began as a Draconian Gladiator on Jan 6, 2018.
             Was an Initiate of Ashenzari.
             Slain by a gnoll
             ... wielding a +0 spear
              (10 damage)
             ... on level 2 of the Dungeon.
             The game lasted 00:02:44 (1482 turns).

KristoblXynda the Slasher (Draconian Gladiator)     Turns: 1482, Time: 00:02:44

Health: -3/29      AC:  6    Str: 16    XL:     3   Next: 32%
Magic:  3/3        EV: 13    Int:  9    God:    Ashenzari [......]
Gold:   71         SH:  0    Dex: 12    Spells: 2/2 levels left

rFire    . . .     SeeInvis .   a - +0 long sword
rCold    . . .     Gourm    .   (no shield)
rNeg     . . .     Faith    .   (armour unavailable)
rPois    .         Spirit   .   b - +0 hat
rElec    .         Reflect  .   (no cloak)
rCorr    +         Harm     .   l - +0 pair of gloves
MR       .....                  (no boots)
Stlth    ++........             (no amulet)
HPRegen  0.09/turn              h - ring of wizardry
MPRegen  0.08/turn              m - ring of resist corrosion

@: no status effects
A: unfitting armour, cold-blooded, AC +5
a: Curse Item, Renounce Religion


You were on level 2 of the Dungeon.
You worshipped Ashenzari.
Ashenzari was noncommittal.
You were not hungry.

You visited 1 branch of the dungeon, and saw 2 of its levels.

You collected 71 gold pieces.

Inventory:

Hand Weapons
 a - a +0 long sword (weapon)
Missiles
 c - 3 throwing nets (quivered)
Armour
 b - a +0 hat (worn)
 l - a +0 pair of gloves (worn)
Jewellery
 h - a ring of wizardry (left hand)
 m - a ring of resist corrosion (right hand)
Scrolls
 f - 4 scrolls of identify {unknown}
 g - 2 scrolls of teleportation {unknown}
 k - 3 scrolls of fear {unknown}
Potions
 e - a potion of might {unknown}
 i - a potion of curing
 j - a potion of brilliance {unknown}
Comestibles
 d - 6 rations
 n - a chunk of flesh


   Skills:
 - Level 2.1 Fighting
 + Level 3.3 Long Blades
 + Level 2.2 Throwing
 + Level 3.1 Dodging
 + Level 1.2 Stealth


You had 2 spell levels left.
You didn't know any spells.

Dungeon Overview and Level Annotations

Branches:
Dungeon (2/15)

Altars:
Ashenzari
Fedhas


Innate Abilities, Weirdness & Mutations

Your plain brown scales are hard. (AC +5)
You cannot fit into any form of body armour.
You are cold-blooded and may be slowed by cold attacks.


Message History

You closely miss the adder.
The adder is severely wounded.
The adder completely misses you.
You riposte.
You closely miss the adder.
The adder is severely wounded.
The adder bites you but does no damage.
You closely miss the adder.
The adder is heavily wounded.
The adder barely misses you.
You closely miss the adder.
The adder is heavily wounded.
The adder barely misses you. The adder bites you but does no damage.
You slash the adder!
You kill the adder!
You completely miss the gnoll. The gnoll hits you with a flail!
The gnoll hits you from afar with a spear.
* * * LOW HITPOINT WARNING * * *
You hit the gnoll but do no damage.
You tail-slap the gnoll, but do no damage.
The gnoll hits you from afar with a spear!
You die...

..(......# ###...##.# #
#...##.# ###...##.#
......##.# .##......#
....#..########## ####
<.##[...........#####...#
#.>.............@ggg#...#
###.#.###P#P##..###.#...#
#.#.#...P..P..###$....# #
#........#.....g....+
#.#.P....'..####.S....≈.
#.P....P.'..# #.###.≈≈.
#.#......#.## #.# ≈_≈
#.#P..P.P..# ... ≈≈
#.#P.#####.# ...


You could see 3 gnolls.

Vanquished Creatures
  2 adders (D:2)
  A gnoll (D:2)
  A giant cockroach (D:2)
  2 hobgoblins
  4 kobolds
  A frilled lizard (D:2)
  2 goblins
  2 rats (D:1)
15 creatures vanquished.

Notes
Turn   | Place    | Note
-------+----------+-------------------------------------------
     0 | D:1      | KristoblXynda the Draconian Gladiator began the quest for the Orb.
     0 | D:1      | Reached XP level 1. HP: 17/17 MP: 1/1
   245 | D:1      | Found a shattered altar of Ashenzari.
   720 | D:1      | Became a worshipper of Ashenzari the Shackled
   917 | D:2      | Reached XP level 2. HP: 10/24 MP: 2/2
  1462 | D:2      | Found a blossoming altar of Fedhas.
  1472 | D:2      | Reached skill level 1 in Stealth
  1472 | D:2      | Reached XP level 3. HP: 17/29 MP: 3/3
  1482 | D:2      | Slain by a gnoll

Vault maps used:
D:1:      eino_arrival_water_star, serial_forest, infiniplex_forest_clump_small,
          infiniplex_forest_fountain, infiniplex_forest_lined_room_2,
          infiniplex_forest_fountain, infiniplex_forest_clump_long,
          nicolae_ashenzari_panopticon
D:2:      cheibrodos_old_hovel, first_ration, fedhas_altar_2

Skill      XL: |  1  2 |
---------------+-------+-----
Throwing       | 2 |  2.2
Dodging        | 3 |  3.1
Stealth        | 1 |  1.2
Fighting       | |  2.1
Long Blades    | |  3.3

Action                   || total
-------------------------++-------
Melee: Long sword        ||    55
       Tailslap          ||    11
  Use: Potion            ||     1
 Stab: Sleeping          ||     1
  Eat: Chunk             ||     2
Armor: Skin              ||    10
Dodge: Dodged            ||    41
       Rpst.: Long sword ||    15

Table legend:
 A = Spawn XP
 B = Non-spawn XP
 C = Spawn XP percentage of total XP
 D = Spawn monster count
 E = Non-spawn monster count
 F = Spawn count percentage of total count
 G = Total turns spent on level
                    A         B        C        D         E        F      G
               +---------+---------+-------+---------+---------+-------+---------
         Total |       0 |      59 |   0.0 |       0 |      15 |   0.0 |  1482
               +---------+---------+-------+---------+---------+-------+---------
           D:1 |       0 |      10 |   0.0 |       0 |       7 |   0.0 |  1019
           D:2 |       0 |      49 |   0.0 |       0 |       8 |   0.0 |   463
               +---------+---------+-------+---------+---------+-------+---------
